 Dungeon Crawl Stone Soup version 0.25-a0-603-g0321be95db (webtiles) character file.

Game seed: 5322665194775358819, levelgen mode: classic

7275 EnegeticOcto the Cleaver (level 11, -8/109 HPs)
             Began as a Gargoyle Berserker on Mar 16, 2020.
             Was a High Priest of Trog.
             Mangled by a death yak (21 damage)
             ... on level 9 of the Dungeon.
             The game lasted 00:07:48 (7433 turns).

EnegeticOcto the Cleaver (Gargoyle Berserker)       Turns: 7433, Time: 00:07:48

Health: -8/109     AC: 16    Str: 24    XL:     11   Next: 12%
Magic:  14/14      EV: 16    Int:  8    God:    Trog [*****.]
Gold:   280        SH:  4    Dex:  9    Spells: 10/10 levels left

rFire    + + .     SeeInvis .   b - +12 war axe "Tormentor" {vorpal, +Rage rElec rF++ rC-}
rCold    . . .     Gourm    .   c - +0 buckler
rNeg     + . .     Faith    .   m - +0 scale mail
rPois    ∞         Spirit   .   (no helmet)
rElec    +         Reflect  .   f - +1 cloak {MR+}
rCorr    .         Harm     .   (no gloves)
MR       +....                  (no boots)
Stlth    ..........             (no amulet)
HPRegen  0.28/turn              q - ring of protection from cold
MPRegen  0.14/turn              k - +6 ring of evasion

@: berserking, very quick
A: negative energy resistance 1, electricity resistance, unbreathing,
petrification resistance, rot immunity, AC +8
a: Berserk, Trog's Hand, Brothers in Arms, Renounce Religion, Evoke Berserk Rage


You were on level 9 of the Dungeon.
You worshipped Trog.
Trog was extremely pleased with you.
You were hungry.

You visited 1 branch of the dungeon, and saw 9 of its levels.

You collected 424 gold pieces.
You spent 144 gold pieces at shops.

Inventory:

Hand Weapons
 b - the +12 war axe "Tormentor" (weapon) {vorpal, +Rage rElec rF++ rC-}
   (You bought it in a shop on level 4 of the Dungeon)

   It inflicts extra damage upon your enemies.
   It greatly protects you from fire.
   It makes you vulnerable to cold.
   It insulates you from electricity.
   It lets you go berserk.
 O - a +2 flail of distortion
Missiles
 t - a throwing net (quivered) {!f}
Armour
 c - a +0 buckler (worn)
 f - a +1 cloak of magic resistance (worn)
 m - a +0 scale mail (worn)
Jewellery
 k - a +6 ring of evasion (right hand)
 l - an uncursed ring of positive energy
 q - a ring of protection from cold (left hand)
Wands
 a - a wand of digging (3)
 g - a wand of polymorph (6)
 n - a wand of flame (3)
 v - a wand of acid (8)
 w - a wand of paralysis (2)
 E - a wand of disintegration (6)
Scrolls
 h - 2 scrolls of fog {!r}
 i - 5 scrolls of teleportation {@r3 !r}
 p - 3 scrolls of remove curse {@r2}
 s - a scroll of silence
 D - 2 scrolls of magic mapping {@r5 !r}
Potions
 d - 2 potions of flight
 j - a potion of berserk rage
 o - 4 potions of stabbing
 r - 2 potions of curing {@q1 !q}
 u - a potion of mutation {unknown}
 x - a potion of cancellation {unknown}
 z - 3 potions of lignification {unknown}
Comestibles
 e - 13 rations
 A - 3 chunks of flesh


   Skills:
 + Level 10.4 Fighting
 * Level 11.9 Axes
 - Level 2.1 Armour
 - Level 1.5 Dodging
 - Level 4.0 Shields
 - Level 4.0 Evocations


You had 10 spell levels left.
You didn't know any spells.
Your spell library was empty.

Dungeon Overview and Level Annotations

Branches:
Dungeon (9/15)             Temple (0/1) D:7            Lair (0/6) D:9
    Orc (0/2) D:9

Altars:
Ashenzari
Dithmenos
Fedhas
Hepliaklqana
Trog
Wu Jian
Yredelemnul

Shops:
D:4 [(}((

Annotations:
D:6 1 exclusion, Blork the orc


Innate Abilities, Weirdness & Mutations

You are resistant to torment.
Your stone body is resilient. (AC +8)
You are immune to poison.
You resist negative energy. (rN+)
You are resistant to electric shocks. (rElec)
You can survive without breathing.
You are immune to petrification.
You are immune to rotting.


Message History

Eating one of 4 chunks of flesh.
You eat one of the 4 chunks of flesh.
This raw flesh tastes terrible.
Things that are here:
a +0 trident; 4 boomerangs; a +0 scale mail Key pressed, stopping explore.
No target in view!
No target in view!
No target in view!
No target in view!
No target in view!
No target in view!
No target in view!
No target in view!
No target in view!
No target in view!
No target in view! 2 death yaks come into view.
The death yak bellows!
You hear a bellow! x4
The death yak moves out of view.
A death yak is nearby!
A death yak is nearby!
A death yak is nearby!
A death yak is nearby!
A death yak is nearby!
A death yak is nearby!
A yak comes into view.
The death yak gores you.
Found a staircase to the Lair.
You hit the death yak but do no damage.
A yak comes into view.
The yak bellows!
You slash the death yak!
The death yak is moderately wounded.
The death yak gores you but does no damage.
You slash the death yak!
The death yak is heavily wounded.
The death yak gores you.
A death yak comes into view.
A yak comes into view.
The death yak bellows!
You slice the death yak!!
The death yak is severely wounded.
The death yak closely misses you.
You hit the death yak.
The death yak is severely wounded.
You block the death yak's attack.
A yak comes into view.
You hit the death yak but do no damage.
The death yak is severely wounded.
You hit the yak.
A bullfrog comes into view.
The yak gores you. The death yak gores you!
The bullfrog croaks.
You slash the death yak!
The death yak is almost dead.
You closely miss the yak. The yak misses you. The death yak barely misses you.
You slice the death yak!!
You kill the death yak!
Trog accepts your kill.
You slash the yak! The yak barely misses you.
You slice the yak!!
You kill the yak!
Trog accepts your kill.
You slash the death yak!
The death yak is moderately wounded.
You slice the death yak!! The death yak misses you.
You block the death yak's attack.
The yak snorts and paws the ground.
You slice the death yak!!
The death yak is heavily wounded.
You hit the death yak. You hit the yak. You closely miss the bullfrog.
You block the bullfrog's attack. The yak gores you.
The death yak gores you but does no damage.
You block the death yak's attack.
You hit the death yak.
The death yak is severely wounded.
You slash the bullfrog! You slash the yak!
You hit the death yak but do no damage. The bullfrog closely misses you.
The yak gores you but does no damage.
The bullfrog hits you but does no damage.
The death yak gores you!! x2
* * * LOW HITPOINT WARNING * * *
You are too injured to fight recklessly!
You are too injured to fight recklessly!
You are too injured to fight recklessly!
You are too injured to fight recklessly!
You are too injured to fight recklessly!
You are too injured to fight recklessly!
You are too injured to fight recklessly!
You are too injured to fight recklessly!
Okay, then.
Okay, then.
Okay, then.
A red film seems to cover your vision as you go berserk!
You feel yourself moving faster!
You feel mighty!
You are feeling hungry.
The bullfrog hits you but does no damage.
The yak closely misses you.
The death yak gores you but does no damage.
The death yak gores you!!
You die...

#..#### #.........
........ #.########
.......##... #.+......#
........#... #.#......#
........#... #.#......#
............ #.+......#
.>..#..Y+...####.....###
. #..YF#...#.....8.....
... #Y@#...#.........).
......#Y####..........).
.......Y.....8....>..)[8
#####...................
#...#####...........
#...# #.....8.....
.....# ####.....###
####..# .......# #..#
....#..#


You could see 2 death yaks, 3 yaks and a bullfrog.

Vanquished Creatures
  A two-headed ogre (D:8)
  A death yak (D:9)
  A deep elf mage (D:9)
  A troll (D:9)
  A hippogriff (D:6)
  A spriggan (D:7)
  2 wyverns (D:8)
  4 wraiths (D:7)
  A yak (D:9)
  A vampire mosquito (D:8)
  A hungry ghost (D:8)
  Menkaure (D:4)
  4 ice beasts
  3 orc warriors
  3 sky beasts
  A phantom (D:8)
  A necrophage (D:7)
  4 ogres
  5 centaurs
  3 bullfrogs
  An elf skeleton (D:7)
  A gnoll sergeant (D:5)
  A water moccasin skeleton (D:6)
  2 scorpions
  A howler monkey (D:8)
  4 crimson imps
  3 quasits
  A hound (D:4)
  4 human zombies (D:7)
  An orc priest (D:8)
  A jelly (D:6)
  4 orc wizards
  2 bullfrog skeletons
  3 iguanas
  Ijyb (D:5)
  Jessica (D:2)
  A human skeleton (D:7)
  9 worker ants
  A hound zombie (D:8)
  3 hound skeletons
  A mummy (D:7)
  2 worker ant zombies (D:7)
  10 gnolls
  7 adders
  4 oozes
  4 worms
  7 leopard geckos
  28 orcs
  A ball python (D:3)
  6 bats
  3 giant cockroaches
  2 goblins (D:1)
  5 hobgoblins
  5 jackals
  A quokka (D:8)
  5 frilled lizards
  9 kobolds
  A leopard gecko skeleton (D:5)
  9 rats
195 creatures vanquished.

Notes
Turn   | Place    | Note
-------+----------+-------------------------------------------
     0 | D:1      | EnegeticOcto the Gargoyle Berserker began the quest for the
                  | Orb.
     0 | D:1      | Reached XP level 1. HP: 14/14 MP: 1/1
    66 | D:1      | Reached skill level 3 in Axes
   171 | D:1      | Reached XP level 2. HP: 19/19 MP: 2/2
   841 | D:1      | Reached XP level 3. HP: 24/24 MP: 3/3
  1417 | D:2      | Reached ** piety under Trog
  1771 | D:2      | Noticed Jessica
  1777 | D:2      | Killed Jessica
  1777 | D:2      | Reached skill level 4 in Axes
  1777 | D:2      | Reached XP level 4. HP: 29/29 MP: 4/4
  1848 | D:2      | Noticed a moth of wrath
  1920 | D:2      | Found a bloodstained altar of Trog.
  2472 | D:3      | Reached XP level 5. HP: 34/34 MP: 5/5
  2878 | D:3      | Reached skill level 5 in Axes
  3009 | D:3      | Found a faded altar of an unknown god.
  3105 | D:4      | Found Erryi's Gadget Shoppe.
  3131 | D:4      | Reached XP level 6. HP: 33/40 MP: 6/6
  3375 | D:4      | Reached skill level 5 in Fighting
  3408 | D:4      | Noticed Menkaure
  3415 | D:4      | Killed Menkaure
  3415 | D:4      | Reached skill level 1 in Evocations
  3446 | D:4      | Reached XP level 7. HP: 41/44 MP: 6/8
  3474 | D:4      | Noticed Sigmund
  3475 | D:4      | Noticed Sigmund
  3475 | D:4      | Sigmund changed into Sigmund the gnoll
  3484 | D:4      | Killed Sigmund the gnoll
  3570 | D:4      | Found a shadowy altar of Dithmenos.
  3604 | D:4      | Reached skill level 6 in Axes
  3605 | D:4      | Found Fiofuom's Weapon Emporium.
  3606 | D:4      | Reached *** piety under Trog
  3639 | D:4      | Found Gentuich's Armour Boutique.
  3661 | D:4      | Found a hazy altar of Hepliaklqana.
  3819 | D:4      | Found Medwuuwe's Antique Weapon Emporium.
  3819 | D:4      | Found Kadot's Antique Weapon Shoppe.
  3827 | D:4      | Bought a brightly glowing war axe for 144 gold pieces
  3827 | D:4      | Identified the +12 war axe "Tormentor" {vorpal, +Rage rElec
                  | rF++ rC-} (You bought it in a shop on level 4 of the
                  | Dungeon)
  3883 | D:5      | Entered Level 5 of the Dungeon
  4159 | D:5      | Reached XP level 8. HP: 51/51 MP: 8/10
  4203 | D:5      | Reached skill level 7 in Axes
  4382 | D:5      | Found a shattered altar of Ashenzari.
  4574 | D:5      | Noticed Ijyb
  4581 | D:5      | Killed Ijyb
  5109 | D:6      | Reached skill level 1 in Shields
  5192 | D:6      | Noticed a hippogriff
  5200 | D:6      | Killed a hippogriff
  5200 | D:6      | Reached XP level 9. HP: 51/57 MP: 11/11
  5236 | D:6      | Reached skill level 8 in Axes
  5673 | D:6      | Noticed Blork the orc
  5704 | D:7      | Found a staircase to the Ecumenical Temple.
  5708 | D:7      | Reached **** piety under Trog
  5852 | D:7      | Found a blossoming altar of Fedhas.
  5947 | D:7      | Reached skill level 9 in Axes
  6137 | D:7      | Found a basalt altar of Yredelemnul.
  6143 | D:7      | Reached XP level 10. HP: 65/65 MP: 13/13
  6154 | D:7      | Reached skill level 10 in Axes
  6239 | D:7      | Found an ornate altar of the Wu Jian Council.
  6490 | D:8      | Reached ***** piety under Trog
  6490 | D:8      | Received a gift from Trog
  6583 | D:8      | Noticed a two-headed ogre
  6591 | D:8      | Killed a two-headed ogre
  6704 | D:8      | Reached skill level 11 in Axes
  7292 | D:9      | Noticed a deep elf mage
  7299 | D:9      | Killed a deep elf mage
  7299 | D:9      | Reached skill level 10 in Fighting
  7348 | D:9      | Found a staircase to the Orcish Mines.
  7353 | D:9      | Reached XP level 11. HP: 67/72 MP: 14/14
  7418 | D:9      | Noticed a death yak
  7418 | D:9      | Noticed a death yak
  7420 | D:9      | Found a staircase to the Lair.
  7423 | D:9      | Noticed a death yak
  7428 | D:9      | Killed a death yak
  7433 | D:9      | Mangled by a death yak

Levels and vault maps discovered:
D:1:      sevenhm_arrival_forest_fort_large_2, layout_basic
D:2:      layout_loops_corners, tgw_trog, first_ration, uniq_jessica
D:3:      layout_rooms, chequers_ecumenical_altar_simple
D:4:      layout_basic, overflow_temple_1_default, kennysheep_mini,
          serial_shops, shop, shop, shop, shop, shop, uniq_sigmund,
          uniq_menkaure
D:5:      layout_basic, minmay_misc_feat_tower, ashenzari_altar_1, uniq_ijyb
D:6:      layout_basic, tgw_sif
D:7:      layout_basic, nicolae_overflow_crystal_walls,
          lemuel_mausoleum_altar_yredelemnul, old_standard_altar,
          minmay_temple_entry_statues_pillars, the_bakery,
          kennysheep_generic_room_4
D:8:      layout_loops_ring, minmay_pinched_square
D:9:      layout_irregular_city, dpeg_lair_monsters, david_orc_2,
          serial_column_ruins, column_ruins_open_small,
          column_ruins_columns_water, column_ruins_grid_1, uniq_pikel

Skill      XL: |  1  2  3  4  5  6  7  8  9 10 |
---------------+-------------------------------+-----
Axes           | 3 4 5 6 7 9 11 | 11.9
Fighting       | 4 5 6 7 8 10 | 10.4
Evocations     | 1 2 3 4 |  4.0
Shields        | 2 4 |  4.0
Armour         | |  2.1
Dodging        | |  1.5

Action                   |  1- 3 |  4- 6 |  7- 9 | 10-12 || total
-------------------------+-------+-------+-------+-------++-------
Melee: Hand axe          |   123 |   165 |    17 |       ||   305
       War axe           |       |       |   165 |   105 ||   270
Invok: Berserk           |       |     3 |     1 |     1 ||     5
       Trog's Hand       |       |       |     1 |       ||     1
Evoke: Wand              |       |     5 |     1 |       ||     6
  Use: Scroll            |       |    11 |     5 |     3 ||    19
  Eat: Chunk             |     2 |     9 |    10 |     4 ||    25
Armor: Animal skin       |    49 |       |       |       ||    49
       Scale mail        |     2 |    48 |    58 |    38 ||   146
Dodge: Dodged            |   100 |   178 |   126 |    48 ||   452
Block: Buckler           |       |       |    17 |    18 ||    35

Table legend:
 A = Non-vault XP
 B = Vault XP
 C = Vault XP percentage of total XP
 D = Non-vault monster count
 E = Vault monster count
 F = Vault count percentage of total count
                 A         B        C        D         E       F
            +---------+---------+-------+---------+---------+-------
      Total |    5491 |    4903 |  47.2 |     155 |      40 |  20.5
            +---------+---------+-------+---------+---------+-------
        D:1 |      48 |       0 |   0.0 |      24 |       0 |   0.0
        D:2 |      19 |      46 |  70.8 |       6 |       6 |  50.0
        D:3 |     201 |       0 |   0.0 |      31 |       0 |   0.0
        D:4 |     290 |     190 |  39.6 |       8 |       2 |  20.0
        D:5 |     856 |      38 |   4.3 |      25 |       1 |   3.8
        D:6 |    1307 |       0 |   0.0 |      19 |       0 |   0.0
        D:7 |     796 |    1491 |  65.2 |      21 |      13 |  38.2
        D:8 |     996 |    1928 |  65.9 |      18 |      11 |  37.9
        D:9 |     978 |    1210 |  55.3 |       3 |       7 |  70.0
            +---------+---------+-------+---------+---------+-------
